 Dungeon Crawl Stone Soup version 0.23-a0-650-ga4d50d4 (webtiles) character file.

3634 Borgoz the Covert (level 10, -1/88 (91) HPs)
             Began as a Kobold Assassin on Jan 2, 2019.
             Was a Follower of Dithmenos.
             Slain by Psyche
             ... wielding a +0 dagger of distortion
              (5 damage)
             ... on level 7 of the Dungeon.
             The game lasted 00:32:24 (10533 turns).

Borgoz the Covert (Kobold Assassin)                Turns: 10533, Time: 00:32:26

HP:   -1/88 (91)    AC: 25    Str: 10    XL:     10   Next: 33%
MP:   10/10         EV:  3    Int: 14    God:    Dithmenos [*.....]
Gold: 431           SH:  3    Dex: 17    Spells: 9/9 levels left

rFire    + . .     SeeInvis .   a - +3 dagger
rCold    . . .     Gourm    .   (shield restricted)
rNeg     + + +     Faith    .   (armour currently unavailable)
rPois    +         Spirit   .   (helmet currently unavailable)
rElec    .         Reflect  +   (cloak currently unavailable)
rCorr    .         Harm     .   (gloves currently unavailable)
MR       .....     NoTele   +   (boots currently unavailable)
Stlth    +++++++...             E - +3 amulet of reflection
HPRegen  0.24/turn              B - ring of protection from fire
MPRegen  0.12/turn              v - ring of stealth

@: tree-form, wreathed by umbra
A: small, carnivore
a: Renounce Religion


You were on level 7 of the Dungeon.
You worshipped Dithmenos.
Dithmenos was aware of your devotion.
You were not hungry.
You were a tree.
You visited 2 branches of the dungeon, and saw 9 of its levels.
You also visited: Ossuary.

You collected 431 gold pieces.

Inventory:

Hand Weapons
 a - a +3 dagger (weapon)
 b - a +0 blowgun
 e - a +2 whip of freezing
 u - a +2 quarterstaff of chaos
 M - a +1 rapier of draining
Missiles
 q - 3 poisoned needles
 w - a curare-tipped needle
 D - 2 silver tomahawks (quivered)
Armour
 d - a +0 cloak (melded)
 n - a +2 robe of resistance (melded)
 N - a +2 ring mail of fire resistance
Jewellery
 f - a +2 ring of intelligence
 s - a +2 ring of intelligence
 v - a ring of stealth (right branch)
 B - a ring of protection from fire (left branch)
 E - a +3 amulet of reflection (around neck)
 K - an uncursed amulet of magic regeneration {unknown}
Wands
 c - a wand of iceblast (1)
 O - a wand of paralysis (7)
Scrolls
 h - a scroll of fear {unknown}
 j - a scroll of enchant weapon
 k - a scroll of teleportation
 o - 4 scrolls of noise {unknown}
 p - 9 scrolls of random uselessness {unknown}
 r - 3 scrolls of remove curse
 t - 2 scrolls of amnesia {unknown}
 x - 2 scrolls of blinking {unknown}
 y - 2 scrolls of magic mapping
 C - 6 scrolls of immolation
 H - 2 scrolls of enchant armour {unknown}
Potions
 i - 5 potions of mutation
 l - a potion of magic
 m - 3 potions of brilliance
 z - 3 potions of cancellation
 F - a potion of flight {unknown}
 I - 5 potions of degeneration
 J - 2 potions of berserk rage {unknown}
Comestibles
 g - 10 rations


   Skills:
 + Level 6.5 Fighting
 + Level 9.8 Short Blades
 + Level 6.0 Throwing
 + Level 8.2 Dodging
 + Level 10.7 Stealth
 + Level 0.5 Evocations


You had 9 spell levels left.
You didn't know any spells.
Your spell library contained the following spells:

 Spells                   Type           Power        Failure   Level  Hunger
 Confusing Touch          Hex            #.....       28%         1    ##.....
 Corona                   Hex            #......      28%         1    ##.....
 Ensorcelled Hibernation  Hex/Ice        #.....       41%         2    ###....
 Confuse                  Hex            #.......     65%         3    ####...
 Dazzling Spray           Conj/Hex       #.....       65%         3    ####...
 Gell's Gravitas          Tloc           #.........   65%         3    ####...
 Tukima's Dance           Hex            #.......     65%         3    ####...
 Petrify                  Tmut/Erth      #.......     96%         4    #####..
 Metabolic Englaciation   Hex/Ice        #.........   100%        5    ######.
 Yara's Violent Unravell  Hex/Tmut       #.........   100%        5    ######.


Dungeon Overview and Level Annotations

Branches:
Dungeon (8/15)             Temple (1/1) D:5
   Lair: D:8-11

Altars:
Ashenzari
Cheibriados
Dithmenos
Fedhas
Gozag
Hepliaklqana
Kikubaaqudgha
Makhleb
Nemelex Xobeh
Okawaru
Qazlal
Ru
Vehumet
Wu Jian
Xom
Yredelemnul
Zin
The Shining One

Annotations:
D:7 Psyche


Innate Abilities, Weirdness & Mutations

You are small and have problems with some larger weapons.
You are carnivorous and can eat meat at any time.
((You are partially covered in large bone plates. (SH +4)))
((You are partially covered in molten scales. (AC +2)))
((Your flesh is cold resistant. (rC+)))


Message History

Psyche is severely wounded.
Psyche barely misses you.
You hit Psyche.
Psyche is severely wounded.
Psyche begins to cast a cantrip, but forgets the words!
Okay, then.
You hit Psyche but do no damage.
Psyche is severely wounded.
Psyche hits you but does no damage.
You feel a strange sense of stasis.
You hit Psyche.
Psyche is almost dead.
Psyche mumbles some strange words.
Psyche flickers and vanishes!
Deactivating autopickup; reactivate with Ctrl-A.
You miss something. Something hits you but does no damage.
You hit something but do no damage. You hit something.
Something hits you but does no damage.
You barely miss something. Something hits you but does no damage.
Space bends around you.
You die...

######### ..#.....## .........##
..........# ..........#
####################
..........####>{♣..............[.
..........#....#################.
............#### ###.
..........### #########...
.........## ########.........##
..#.....##### #........##########
............# #.<.....## ##..
#######...#.# #.......# ###..#
##..#...# #.......# #...##


There were no monsters in sight!

Vanquished Creatures
  Pikel (D:5)
  Grinder (D:5)
  Eustachio (D:5)
  2 hungry ghosts (D:7)
  Duvessa (D:6)
  2 necrophages
  An ice beast (D:6)
  2 phantoms
  2 slaves (D:5)
  5 ogres
  3 bullfrogs
  A gnoll sergeant (D:7)
  Dowan (D:6)
  A scorpion (D:6)
  A howler monkey (D:4)
  2 crimson imps
  2 bullfrog zombies (D:6)
  4 quasits
  2 centaur zombies
  2 hounds
  A jelly (D:7)
  A human zombie (Ossuary)
  4 orc priests
  Crazy Yiuf (D:2)
  A bullfrog skeleton (D:5)
  A centaur skeleton (D:4)
  4 orc wizards
  Terence (D:2)
  2 iguanas (D:4)
  3 worker ants
  4 mummies (Ossuary)
  7 adders
  7 gnolls
  3 shadow imps
  2 oozes (D:1)
  2 worms
  5 leopard geckos
  12 orcs
  6 giant cockroaches
  11 goblins
  9 hobgoblins
  10 jackals
  5 quokkas
  A ball python (D:2)
  6 bats
  5 frilled lizards (D:2)
  A gnoll zombie (Ossuary)
  3 hobgoblin zombies (Ossuary)
  9 kobolds
  A kobold zombie (Ossuary)
  An orc zombie (Ossuary)
  A quokka skeleton (D:4)
  9 rats
176 creatures vanquished.

Vanquished Creatures (others)
  2 slaves (D:5)
  An ogre (D:5)
  A leopard gecko skeleton (D:5)
4 creatures vanquished.

Grand Total: 180 creatures vanquished

Notes
Turn   | Place    | Note
-------+----------+-------------------------------------------
     0 | D:1      | Borgoz the Kobold Assassin began the quest for the Orb.
     0 | D:1      | Reached XP level 1. HP: 12/12 MP: 1/1
    38 | D:1      | Reached XP level 2. HP: 17/17 MP: 2/2
   253 | D:1      | Reached XP level 3. HP: 11/21 MP: 3/3
   406 | D:1      | Reached skill level 6 in Stealth
   728 | D:2      | Reached XP level 4. HP: 23/27 MP: 4/4
  1117 | D:2      | Noticed Terence
  1140 | D:2      | Killed Terence
  1404 | D:2      | Found an iron altar of Okawaru.
  1501 | D:2      | Found a runed door.
  1624 | D:2      | Gained mutation: You are partially covered in molten
                  | scales. (AC +2) [potion of mutation]
  1624 | D:2      | Gained mutation: Your flesh is cold resistant. (rC+)
                  | [potion of mutation]
  1624 | D:2      | Gained mutation: You are partially covered in large bone
                  | plates. (SH +4) [potion of mutation]
  1629 | D:2      | Reached XP level 5. HP: 31/32 MP: 5/5
  2096 | D:2      | Noticed Crazy Yiuf
  2100 | D:2      | Killed Crazy Yiuf
  2100 | D:2      | Reached skill level 7 in Stealth
  2149 | D:3      | Reached XP level 6. HP: 27/37 MP: 6/6
  2729 | D:4      | Noticed an ogre
  2743 | D:4      | Killed an ogre
  2927 | D:4      | Reached skill level 8 in Stealth
  2935 | D:4      | Reached skill level 5 in Short Blades
  2935 | D:4      | Reached XP level 7. HP: 40/41 MP: 7/7
  3253 | D:4      | Found a hazy altar of Hepliaklqana.
  3694 | D:5      | Entered Level 5 of the Dungeon
  3754 | D:5      | Noticed Pikel
  3774 | D:4      | Reached skill level 9 in Stealth
  3774 | D:4      | Reached XP level 8. HP: 40/48 MP: 8/8
  3919 | D:5      | Found a glowing golden altar of the Shining One.
  4388 | D:5      | Found an opulent altar of Gozag.
  4388 | D:5      | Found a sparkling altar of Nemelex Xobeh.
  4426 | D:5      | Got a shimmering mace
  5049 | D:5      | Found a sacrificial altar of Ru.
  5097 | D:5      | Killed Pikel
  5410 | D:5      | Reached skill level 5 in Fighting
  5451 | D:5      | Reached skill level 5 in Throwing
  5570 | D:5      | Noticed Grinder
  5574 | D:5      | Noticed Eustachio
  5579 | D:5      | Paralysed by Grinder for 2 turns
  5585 | D:5      | Paralysed by Grinder for 3 turns
  5594 | D:5      | HP: 1/49 [Grinder/nerve-wracking pain (13)]
  5852 | D:5      | Found a staircase to the Ecumenical Temple.
  5859 | Temple   | Entered the Ecumenical Temple
  5934 | Temple   | Became a worshipper of Dithmenos the Shadowed
  6347 | D:6      | Reached XP level 9. HP: 54/54 MP: 9/9
  6388 | D:6      | Reached skill level 5 in Dodging
  6747 | D:6      | Found a snail-covered altar of Cheibriados.
  7390 | D:6      | Noticed Duvessa
  7390 | D:6      | Noticed Dowan
  7506 | D:6      | Killed Duvessa
  7770 | D:6      | Killed Dowan
  8119 | D:5      | Paralysed by Grinder for 7 turns
  8157 | D:5      | Killed Grinder
  8471 | D:5      | Killed Eustachio
  8722 | D:5      | Found a burning altar of Makhleb.
  9007 | D:7      | Found a sand-covered staircase.
  9011 | Ossuary  | Entered an ossuary
  9285 | Ossuary  | Reached XP level 10. HP: 43/60 MP: 10/10
  9289 | Ossuary  | Reached * piety under Dithmenos
  9560 | D:7      | Reached skill level 10 in Stealth
 10349 | D:7      | Identified the cursed +3 mace of Arbitration {crush,
                  | Fragile rElec MR+} (You found it on level 5 of the Dungeon)
 10463 | D:8      | Noticed Psyche
 10524 | D:7      | HP: 2/88 [Psyche/+0 dagger of distortion (7)]
 10533 | D:7      | Slain by Psyche

Vault maps used:
D:1:      erik_arrival_gehennom
D:2:      lemuel_doored_altar, uniq_crazy_yiuf_cottage, uniq_terence
D:4:      lemuel_crystal_altar, hangedman_feature_mirror, minivault_4,
          kennysheep_potato
D:5:      grunt_temple_overflow_opulence, old_standard_altar,
          kennysheep_little_box, nicolae_ru_awakened_eye,
          minmay_temple_entry_gardened_gates, first_ration, uniq_pikel,
          uniq_eustachio, uniq_grinder
D:6:      basic_altar, uniq_duvessa
D:7:      enter_ossuary_5
D:8:      led_sif_book, ebering_ghost_disaster_area, david_nohive_1, uniq_psyche
Temple:   eino_temple_lava
Ossuary:  ossuary_crypta

Skill      XL: |  1  2  3  4  5  6  7  8  9 10 |
---------------+-------------------------------+-----
Short Blades   | 3 4 5 7 9 |  9.8
Stealth        | 6 7 8 9 10 | 10.7
Throwing       | 3 5 6 |  6.0
Dodging        | 2 3 4 7 8 |  8.2
Fighting       | 3 5 6 |  6.5
Evocations     | |  0.5

Action                   |  1- 3 |  4- 6 |  7- 9 | 10-12 || total
-------------------------+-------+-------+-------+-------++-------
Melee: Dagger            |    98 |   182 |   737 |   188 ||  1205
       Rapier            |       |       |       |    18 ||    18
 Fire: Blowgun           |       |    19 |    48 |     1 ||    68
Throw: Tomahawk          |       |       |    10 |     2 ||    12
Evoke: Wand              |       |       |       |     7 ||     7
  Use: Potion            |       |     4 |     7 |     2 ||    13
       Scroll            |       |     7 |     8 |     2 ||    17
 Stab: Sleeping          |     9 |    20 |    14 |     3 ||    46
       Distracted        |       |       |     1 |       ||     1
  Eat: Chunk             |     4 |    11 |    17 |    11 ||    43
Armor: Robe              |    10 |    42 |    91 |    15 ||   158
       Skin              |       |       |    44 |     6 ||    50
Dodge: Dodged            |    56 |   152 |   396 |   131 ||   735
Block: Other             |       |    16 |    87 |    41 ||   144

Table legend:
 A = Non-vault XP
 B = Vault XP
 C = Vault XP percentage of total XP
 D = Non-vault monster count
 E = Vault monster count
 F = Vault count percentage of total count
                 A         B        C        D         E       F
            +---------+---------+-------+---------+---------+-------
      Total |    3594 |    1598 |  30.8 |     150 |      24 |  13.8
            +---------+---------+-------+---------+---------+-------
        D:1 |      35 |      18 |  34.0 |      20 |       5 |  20.0
        D:2 |     133 |      76 |  36.4 |      36 |       2 |   5.3
        D:3 |      60 |       0 |   0.0 |      20 |       0 |   0.0
        D:4 |     706 |       0 |   0.0 |      12 |       0 |   0.0
        D:5 |     345 |    1122 |  76.5 |      18 |       3 |  14.3
        D:6 |     809 |     219 |  21.3 |      12 |       2 |  14.3
        D:7 |    1340 |       0 |   0.0 |      30 |       0 |   0.0
        D:8 |     166 |       0 |   0.0 |       2 |       0 |   0.0
    Ossuary |       0 |     163 | 100.0 |       0 |      12 | 100.0
            +---------+---------+-------+---------+---------+-------
